 Dungeon Crawl Stone Soup version 0.28-a0-2-g643f2454ad (webtiles) character file.

Game seed: 8716417561068481812

652 Zonian the Conjurer (level 7, -2/34 HPs)
             Began as a Vine Stalker Conjurer on July 23, 2021.
             Succumbed to a kobold brigand's curare-tipped dart
             ... on level 6 of the Dungeon.
             The game lasted 00:12:04 (10077 turns).

Zonian the Conjurer (Vine Stalker Conjurer)        Turns: 10077, Time: 00:12:05

Health: -2/34      AC:  4    Str:  9    XL:     7   Next: 54%
Magic:  5/14       EV: 13    Int: 18    God:
Gold:   165        SH:  0    Dex: 15    Spells: 11/14 levels left

rFire   . . .      SeeInvis .   c - +1 dagger
rCold   + . .      Faith    .   (no shield)
rNeg    . . .      Spirit   +   a - +0 robe
rPois   .          Reflect  .   (no helmet)
rElec   .          Harm     .   d - +0 cloak
rCorr   .          Rampage  .   z - +0 pair of gloves
Will    .....                   (no boots)
Stlth   +++.......              (no amulet)
HPRegen 1.11/turn               j - ring of protection from cold
MPRegen 0.14/turn               (no ring)

@: lethally poisoned (-2 -> -33), attractive, slowed, very slow
A: fangs 2, regeneration 1, magic shield, antimagic bite, no potion heal 2
a: no special abilities


You were on level 6 of the Dungeon.
You visited 1 branch of the dungeon, and saw 6 of its levels.
You also visited: Sewer.

You collected 165 gold pieces.

Inventory:

Hand Weapons
 b - a +0 rapier
 c - a +1 dagger (weapon)
 k - a +0 hunting sling
 s - a +1 whip of pain
Missiles
 l - 43 stones
 n - 20 poisoned darts
Armour
 a - a +0 robe (worn)
 d - a +0 cloak (worn)
 f - a +0 leather armour
 z - a +0 pair of gloves (worn)
Magical Staves
 y - a staff of cold
Jewellery
 j - a ring of protection from cold (left hand)
Wands
 i - a wand of polymorph (11)
 m - a wand of acid (5)
 w - a wand of iceblast (14)
Scrolls
 e - a scroll of amnesia
 p - 2 scrolls of fog
 r - a scroll of teleportation
 u - a scroll of enchant weapon
Potions
 h - a potion of lignification {unknown}
 o - a potion of mutation {unknown}
 q - a potion of brilliance {unknown}
 t - a potion of magic {unknown}
 v - a potion of haste {unknown}
 x - 2 potions of might


   Skills:
 + Level 1.9 Fighting
 + Level 2.3 Short Blades
 + Level 2.9 Dodging
 + Level 4.2 Stealth
 - Level 4.0 Spellcasting
 - Level 6.0 Conjurations


You had 11 spell levels left.
You knew the following spells:

 Your Spells              Type           Power      Damage    Failure   Level
a - Magic Dart            Conj           100%       1d8       1%          1
b - Searing Ray           Conj           50%        3d5       1%          2

Your spell library contained the following spells:

 Spells                   Type           Power      Damage    Failure   Level
 Dazzling Flash           Conj/Hex       28%        N/A       13%         3
 Freeze                   Ice            12%        1d4       14%         1
 Fulminant Prism          Conj/Hex       7%         3d7       38%         4
 Hailstorm                Conj/Ice       14%        3d5       38%         4
 Iskenderun's Mystic Bla  Conj/Tloc      14%        2d5       38%         4
 Frozen Ramparts          Ice            6%         1d2       41%         3


Dungeon Overview and Level Annotations

Branches:
Dungeon (6/15)              Sewer (visited)
 Temple: D:4-7

Altars:
Elyvilon
Hepliaklqana
Xom
The Shining One

Shops:
D:1 [   D:4 *[

Annotations:
D:4 Edmund


Innate Abilities, Weirdness & Mutations

You have extremely sharp teeth.
Your natural rate of healing is unusually fast.
When hurt, damage is shared between your health and your magic reserves.
Your bite disrupts and absorbs the magic of your enemies.
Potions cannot restore your health.


Message History

The centaur warrior zombie is almost destroyed.
The centaur warrior zombie completely misses you.
The centaur warrior zombie misses you.
You hit the centaur warrior zombie.
Your bite misses the centaur warrior zombie.
The centaur warrior zombie is almost destroyed.
A kobold brigand comes into view.
It is wielding a +0 dagger and quivering curare-tipped darts.
The centaur warrior zombie hits you.
The centaur warrior zombie kicks you but does no damage.
The kobold brigand shouts!
You hit the centaur warrior zombie.
The centaur warrior zombie is almost destroyed.
The centaur warrior zombie hits you.
The centaur warrior zombie kicks you but does no damage.
You hit the centaur warrior zombie but do no damage.
The centaur warrior zombie is almost destroyed.
The centaur warrior zombie barely misses you.
The centaur warrior zombie kicks you.
The kobold brigand throws a curare-tipped dart.
The curare-tipped dart hits you.
You are poisoned.
You have difficulty breathing.
You feel yourself slow down.
You feel sick.
The kobold brigand throws a curare-tipped dart.
The curare-tipped dart hits you.
You are more poisoned.
You have difficulty breathing.
You feel as though you will be slow longer.
The centaur warrior zombie hits you but does no damage.
The centaur warrior zombie closely misses you.
A kobold comes into view. It is wielding a +0 dagger.
The kobold brigand throws a curare-tipped dart.
The curare-tipped dart hits you.
You are lethally poisoned!
You have difficulty breathing.
* * * LOW HITPOINT WARNING * * *
You feel as though you will be slow longer.
It was a potion of attraction.
You feel attractive to monsters.
You die...

#<........#
#.........#
#.....##..#
.K####K.#
.#
#.....K.#
#..####.# #
#.# #.# #@#
#Z# #?# #.#
#.# #.. #..
##.. ##


You could see a kobold brigand, a centaur warrior zombie and a kobold
(wandering).

Vanquished Creatures
  Menkaure (D:4)
  A scorpion (D:5)
  An orc priest (D:3)
  A centaur skeleton (D:4)
  A hound (D:4)
  A bullfrog skeleton (D:6)
  Natasha (thrice) (D:2)
  An iguana (D:6)
  A hound skeleton (D:4)
  3 gnolls (D:4)
  7 adders
  A shadow imp (D:5)
  A white imp (D:5)
  2 ufetubi (D:5)
  2 dart slugs (D:4)
  12 orcs
  10 ball pythons
  13 endoplasms
  7 giant cockroaches
  4 goblins
  6 hobgoblins
  9 jackals (Sewer)
  2 quokkas
  4 bats
  6 frilled lizards
  16 kobolds
  5 rats
121 creatures vanquished.

Vanquished Creatures (others)
  14 plants
14 creatures vanquished.

Grand Total: 135 creatures vanquished

Notes
Turn   | Place    | Note
-------+----------+-------------------------------------------
     0 | D:1      | Zonian the Vine Stalker Conjurer began the quest for the
                  | Orb.
     0 | D:1      | Reached XP level 1. HP: 9/9 MP: 4/4
   270 | D:1      | Found Ihoitets's Armour Emporium.
   276 | D:1      | Reached XP level 2. HP: 13/13 MP: 0/6
   661 | D:1      | Learned a level 2 spell: Searing Ray
  1646 | D:1      | Reached XP level 3. HP: 16/16 MP: 5/7
  2424 | D:2      | Noticed Natasha
  2428 | D:2      | Killed Natasha
  2429 | D:2      | Reached skill level 5 in Conjurations
  2429 | D:2      | Gained mutation: Your natural rate of healing is unusually
                  | fast. [Vine Stalker growth]
  2429 | D:2      | Reached XP level 4. HP: 21/21 MP: 3/8
  2707 | D:2      | Noticed Natasha
  2722 | D:2      | Killed Natasha
  3002 | D:2      | Found a white marble altar of Elyvilon.
  3393 | D:2      | Noticed Natasha
  3398 | D:2      | Killed Natasha
  3399 | D:2      | Reached XP level 5. HP: 25/25 MP: 2/10
  6091 | D:4      | Found a hazy altar of Hepliaklqana.
  6240 | D:4      | Reached XP level 6. HP: 29/29 MP: 10/12
  6346 | D:4      | Noticed Menkaure
  6353 | D:4      | Killed Menkaure
  6354 | D:4      | Reached skill level 1 in Fighting
  6354 | D:4      | Reached skill level 1 in Short Blades
  6433 | D:4      | Found a glowing drain.
  6437 | Sewer    | Entered a sewer
  6730 | Sewer    | Reached skill level 6 in Conjurations
  7553 | D:4      | Noticed Edmund
  7618 | D:4      | Found a shimmering altar of Xom.
  7712 | D:4      | Found Neginkeq's Antique Armour Boutique.
  7790 | D:4      | Found Taddees's Mayhem Merchandise.
  7974 | D:4      | Reached XP level 7. HP: 32/33 MP: 8/14
  8364 | D:5      | Entered Level 5 of the Dungeon
  8714 | D:5      | Found a glowing golden altar of the Shining One.
  8752 | D:5      | Found a white marble altar of Elyvilon.
 10077 | D:6      | Succumbed to a kobold brigand's curare-tipped dart

Illustrated notes

Levels and vault maps discovered:
D:1:      erik_arrival_triangle_small, layout_loops_ring, serial_shops, shop
D:2:      layout_basic, basic_altar, uniq_natasha
D:3:      layout_rooms, minivault_4, minmay_quantized
D:4:      layout_basic, led_xom_imps, nzn_hepliaklqana_mist_gate, serial_shops,
          nicolae_stop_n_shop_2, gup_sewer_entry_bowl, minmay_misc_feat_doors,
          dk_noncrumbling_4, minmay_shop_mayhem, uniq_edmund, uniq_menkaure
D:5:      layout_rooms, mainiacjoe_overflow_six_doors_small,
          nicolae_overflow_crystal_walls, chequers_big_river
D:6:      layout_basic, minmay_temple_entry_sparse_star,
          minmay_stone_trees_small, grunt_decor_junction,
          nicolae_shop_overcharged_wands

Skill      XL: |  1  2  3  4  5  6  7 |
---------------+----------------------+-----
Conjurations   | 5 6 |  6.0
Stealth        | 3 4 |  4.2
Spellcasting   | 3 4 |  4.0
Fighting       | 1 |  1.9
Short Blades   | 1 2 |  2.3
Dodging        | 2 |  2.9

Action                   |  1- 3 |  4- 6 |  7- 9 || total
-------------------------+-------+-------+-------++-------
Melee: Dagger            |    15 |   152 |   146 ||   313
       Bite              |     5 |    29 |    44 ||    78
 Cast: Magic Dart        |    60 |    97 |    27 ||   184
       Searing Ray       |     1 |    10 |     2 ||    13
  Use: Scroll            |       |    10 |     1 ||    11
       Potion            |       |       |     2 ||     2
 Stab: Sleeping          |       |       |     3 ||     3
Armor: Robe              |     5 |    41 |    62 ||   108
Dodge: Dodged            |    13 |   136 |   120 ||   269

Table legend: (Time is in decaauts)
 A = Elapsed time spent in this place.
 B = Non-inter-level travel time spent in this place.
 C = Inter-level travel time spent in this place.
 D = Time resting spent in this place.
 E = Time spent auto-exploring this place.
 F = Levels seen in this place.
 G = Mean time per level.
                   A        B        C        D        E       F      G
               +--------+--------+--------+--------+--------+-----+--------+
         Total |  10220 |  10063 |    157 |   5303 |   3316 |   7 | 1460.0 |
       Dungeon |   9056 |   8899 |    157 |   4888 |   2866 |   6 | 1509.3 |
         Sewer |   1163 |   1163 |      0 |    415 |    450 |   1 | 1163.0 |
               +--------+--------+--------+--------+--------+-----+--------+

Top non-repeatable levels by time:
     D:2: 2480 daAuts
     D:1: 1949 daAuts
     D:3: 1657 daAuts
     D:5: 1343 daAuts
     D:4: 1257 daAuts
   Sewer: 1163 daAuts
     D:6: 368 daAuts
